 Dungeon Crawl Stone Soup version 0.28.0-45-g0d030f2227 (webtiles) character file.

Game seed: 18169286119701980434

718 Jerry the Cudgeller (level 7, -6/70 HPs)
             Began as a Troll Berserker on Mar 30, 2022.
             Was a Priest of Trog.
             Killed by divine providence
             ... invoked by an orc priest
              (14 damage)
             ... on level 5 of the Dungeon.
             The game lasted 00:07:46 (3234 turns).

Jerry the Cudgeller (Troll Berserker)               Turns: 3234, Time: 00:07:47

Health: -6/70      AC:  4    Str: 26    XL:     7   Next: 42%
Magic:  6/6        EV: 10    Int:  5    God:    Trog [***...]
Gold:   212        SH:  0    Dex:  9    Spells: 6/6 levels left

rFire   . . .      SeeInvis .   d - +3 flail
rCold   . . .      Faith    .   (no shield)
rNeg    . . .      Spirit   .   b - +0 animal skin
rPois   .          Reflect  .   (helmet restricted)
rElec   .          Harm     .   (no cloak)
rCorr   .          Rampage  .   (gloves unavailable)
Will    .....                   (boots unavailable)
Stlth   +.........              (no amulet)
HPRegen 1.01/turn               (no ring)
MPRegen 0.10/turn               (no ring)

@: no status effects
A: large, unfitting armour, claws 3, regeneration 1, shaggy fur 1, tough skin 1
a: Renounce Religion, Berserk, Trog's Hand


You were on level 5 of the Dungeon.
You worshipped Trog.
Trog was most pleased with you.
You visited 1 branch of the dungeon, and saw 5 of its levels.

You collected 212 gold pieces.

Inventory:

Hand Weapons
 d - a +3 flail (weapon)
 m - a +0 vorpal whip
Missiles
 a - 7 poisoned darts (quivered)
Armour
 b - a +0 animal skin (worn)
Jewellery
 n - a +4 ring of evasion
Wands
 q - a wand of paralysis (5)
 r - a wand of flame (11)
Scrolls
 e - a scroll of teleportation
 f - a scroll of identify {unknown}
 l - a scroll of noise
 o - a scroll of magic mapping {unknown}
Potions
 c - 2 potions of might {unknown}
 g - a potion of haste {unknown}
 h - a potion of flight {unknown}
 i - 4 potions of curing {unknown}
 j - 2 potions of mutation {unknown}
 k - a potion of brilliance {unknown}
 p - a potion of attraction {unknown}


   Skills:
 + Level 4.1 Fighting
 * Level 6.0 Maces & Flails
 + Level 4.1 Dodging


You had 6 spell levels left.
You didn't know any spells.
Your spell library was empty.

Dungeon Overview and Level Annotations

Branches:
Dungeon (5/15)
 Temple: D:4-7

Altars:
Fedhas
Kikubaaqudgha

Shops:
D:2 [

Annotations:
D:5 1 transporter


Innate Abilities, Weirdness & Mutations

You are too large for most types of armour.
You have claws for hands.
Your natural rate of healing is unusually fast.
You are covered in fur. (AC +1)
You have tough skin. (AC +1)


Message History

The orc priest shouts!
The shadow imp spits at you.
The shadow imp grinds its teeth.
Found a transporter.
There is a transporter here.
You enter the transporter and appear at another place.
r - a wand of flame (11) As you open the door, it creaks loudly!
The shadow imp gestures at you.
You struggle to resist.
The orc priest miscasts a cantrip.
There is an open door here.
The shadow imp laughs crazily.
The orc priest suddenly jeers, as Orcs often do.
You enter the shallow water.
Moving in this stuff is going to be slow.
The orc priest looks encouraged for a moment.
The shadow imp gestures at you. Pain shoots through your body!
The orc priest mumbles some strange prayers to Beogh against you.
Beogh smites you! The shadow imp gestures at you.
Pain shoots through your body!
The orc priest mumbles some strange prayers to Beogh against you.
Beogh smites you!
The orc priest looks encouraged for a moment.
The shadow imp gestures at you. Pain shoots through your body!
The shadow imp gestures at you. Pain shoots through your body!
The shadow imp gestures at you. Pain shoots through your body!
* * * LOW HITPOINT WARNING * * *
As you open the door, it creaks loudly!
The orc priest calls down the wrath of Beogh upon you.
Beogh smites you!
* * * LOW HITPOINT WARNING * * *
The orc priest calls down the wrath of Beogh upon you.
Beogh smites you!
You die...

..........##.#####
.#....#....#.....#
.####.#.#....###.##
#.#.##.####...#####
#.#.........©.....#
....###.#########.#
.##.# #.#8P$©$P8#.#
>. #.#
#.#P..)..≈#.# #.
#.####@####.# #.
#.#5≈...≈5#.#
#.#5≈...≈.#.#
#.#.≈≈≈≈≈.#.#
#.#.≈P♣≈≈o#.#
#.#.≈≈≈≈≈o#.#
#.#.≈...≈.#.#
#.#.≈...≈.#.#
#.####'####.#


You could see 2 orc priests and 3 shadow imps.

Vanquished Creatures
  Sigmund (D:4)
  Pargi (D:3)
  The ghost of ciphuk the Stinger, an amateur GnVM (D:3)
  A kobold brigand (D:3)
  A scorpion (D:4)
  A howler monkey (D:4)
  2 hounds
  An iguana (D:4)
  A killer bee zombie (D:4)
  2 adders (D:3)
  An ufetubus (D:3)
  An adder skeleton (D:4)
  A worm (D:3)
  12 dart slugs (D:3)
  6 orcs (D:3)
  6 bats
  4 endoplasms
  5 giant cockroaches
  3 goblins
  6 hobgoblins
  5 jackals
  2 quokkas (D:3)
  4 ball pythons
  3 frilled lizards
  7 kobolds
  6 rats
84 creatures vanquished.

Notes
Turn   | Place    | Note
-------+----------+-------------------------------------------
     0 | D:1      | Jerry the Troll Berserker began the quest for the Orb.
     0 | D:1      | Reached XP level 1. HP: 22/22 MP: 0/0
   115 | D:1      | Reached skill level 3 in Maces & Flails
   115 | D:1      | Reached XP level 2. HP: 29/29 MP: 1/1
   275 | D:1      | You fall into a shaft and drop 1 floor!
   368 | D:2      | Reached ** piety under Trog
   380 | D:2      | Reached XP level 3. HP: 36/36 MP: 2/2
   668 | D:2      | Found Xevvy's Armour Emporium.
  1668 | D:3      | Reached XP level 4. HP: 44/44 MP: 3/3
  1761 | D:3      | Identified the +0 leather armour of Minor Irritation {-Cast
                  | +Inv Str+8 Dex-2}
  1827 | D:3      | Noticed Pargi
  1829 | D:3      | Noticed a kobold brigand
  1839 | D:3      | Killed Pargi
  1840 | D:3      | Reached skill level 4 in Maces & Flails
  1840 | D:3      | Reached XP level 5. HP: 53/53 MP: 4/4
  2012 | D:3      | Reached XP level 6. HP: 56/61 MP: 5/5
  2176 | D:3      | Found a runed translucent door.
  2177 | D:3      | Noticed ciphuk's ghost (amateur GnVM)
  2335 | D:3      | Killed ciphuk's ghost
  2336 | D:3      | Reached skill level 5 in Maces & Flails
  2431 | D:4      | Found an ancient bone altar of Kikubaaqudgha.
  2506 | D:4      | Noticed Sigmund
  2515 | D:4      | Killed Sigmund
  2516 | D:4      | Reached XP level 7. HP: 68/68 MP: 6/6
  2611 | D:4      | Found a blossoming altar of Fedhas.
  2874 | D:4      | Reached *** piety under Trog
  3052 | D:5      | Entered Level 5 of the Dungeon
  3085 | D:5      | Reached skill level 6 in Maces & Flails
  3192 | D:5      | Found a transporter.
  3209 | D:5      | Found a transporter.
  3234 | D:5      | Killed from afar by an orc priest

Illustrated notes

Levels and vault maps discovered:
D:1:      roderic_dead_forest, layout_basic
D:2:      layout_basic, serial_shops, shop_fountains
D:3:      kennysheep_slugbush, layout_basic, hellmonk_ghost_happy_afterlife,
          uniq_pargi
D:4:      layout_rooms, fedhas_altar_1, mainiacjoe_overflow_tiny_flanked,
          minmay_misc_feat_more_columns, roderic_roman_lattice, uniq_sigmund
D:5:      gammafunk_wand_slinger, layout_basic, temple_doors_cd,
          kennysheep_potato

Skill      XL: |  1  2  3  4  5  6  7 |
---------------+----------------------+-----
Maces & Flails | 3 4 5 6 |  6.0
Fighting       | 3 4 |  4.1
Dodging        | 3 4 |  4.1

Action                   |  1- 3 |  4- 6 |  7- 9 || total
-------------------------+-------+-------+-------++-------
Melee: Mace              |   168 |    20 |       ||   188
       Punch             |     1 |     3 |     1 ||     5
       Whip              |       |   101 |       ||   101
       Flail             |       |    14 |    38 ||    52
Invok: Berserk           |       |     3 |       ||     3
  Use: Scroll            |       |     5 |       ||     5
 Stab: Sleeping          |     2 |       |       ||     2
Armor: Animal skin       |    73 |    28 |    13 ||   114
Dodge: Dodged            |    84 |    67 |    24 ||   175
